 Dungeon Crawl Stone Soup version 0.18-a0-1014-g3bbf375 (webtiles) character file.

18 M4edhros the Charlatan (level 2, 0/18 HPs)
             Began as an Octopode Artificer on Jan 6, 2016.
             Slain by a jackal (3 damage)
             ... on level 1 of the Dungeon.
             The game lasted 00:00:35 (719 turns).

M4edhros the Charlatan (Octopode Artificer)          Turns: 719, Time: 00:00:35

Health: 0/18       AC:  1    Str: 10    XL:     2   Next: 66%
Magic:  4/4        EV: 12    Int: 14    God:
Gold:   20         SH:  0    Dex: 12    Spells: 0 memorised, 1 level left

rFire  . . .     SeeInvis .     a - +0 short sword
rCold  . . .     Gourm    .     (no shield)
rNeg   . . .     Faith    .     (helmet restricted)
rPois  .         Spirit   .     (no amulet)
rElec  .         Dismiss  .     (no ring)
rCorr  .         Reflect  .     (no ring)
SustAt .         Harm     .     (no ring)
MR     .....                    (no ring)
Stlth  +++.......               (no ring)
                                (no ring)
                                (no ring)
                                (no ring)

@: hasted, drained, very quick, not resistant to hostile enchantments, fairly
stealthy
A: almost no armour, amphibious, 8 rings, constrict 8, camouflage 1, gelatinous
body 1
a: no special abilities


You were on level 1 of the Dungeon.
You were not hungry.

You visited 1 branch of the dungeon, and saw 1 of its levels.

You collected 20 gold pieces.

Inventory:

Hand Weapons
 a - a +0 short sword (weapon)
Missiles
 e - 26 stones (quivered)
Jewellery
 j - an uncursed amulet of faith {unknown}
Wands
 b - a wand of flame (13/48)
 c - a wand of enslavement (13/24)
 d - a wand of random effects (15/48)
Scrolls
 g - a scroll of fear {unknown}
 i - 3 scrolls of identify {unknown}
 k - a scroll of amnesia {unknown}
Comestibles
 f - a bread ration


   Skills:
 - Level 1.0(0.7) Fighting
 - Level 1.0(0.7) Short Blades
 * Level 2.6(2.4) Dodging
 * Level 2.3(2.1) Stealth
 + Level 3.4(3.1) Evocations


You had one spell level left.
You didn't know any spells.

Dungeon Overview and Level Annotations

Branches:
Dungeon (1/15)

Altars:


Innate Abilities, Weirdness & Mutations

You cannot wear most types of armour.
You are amphibious.
You can wear up to eight rings at the same time.
You can use your tentacles to constrict eight enemies at once.
Your skin changes colour to match your surroundings (Stealth).
Your rubbery body absorbs attacks (AC +1).


Message History

Zapping:
c - a wand of enslavement (14/24)
Press: ? - help, Shift-Dir - straight line, f - jackal
Aim: a jackal (moderately wounded, constricted by you, chance to defeat MR: 84%)
The jackal is charmed.
This wand has 13 charges left.
You constrict the jackal.
Your jackal bites the jackal but does no damage.
The jackal closely misses you.
Your jackal bites the jackal.
The jackal barely misses you.
You completely miss the jackal. You squeeze the jackal.
You kill the jackal!
The rat bites you.
You hit the rat.
You kill the rat!
Your jackal closely misses the jackal.
The jackal barely misses you.
Your jackal barely misses the jackal.
The jackal bites you.
* * * LOW HITPOINT WARNING * * *
Unknown command.
Drink which item? (? for menu, Esc to quit)
It was a potion of haste.
You feel yourself speed up.
Your jackal bites the jackal.
The jackal bites you.
You die...

..### #.####... ..
.....# #. #...####### #.
#.........##### #.
#.............. #
#.###..?......#####
#..#†#)..#.#####......
#...h@...#.# ###......
......h#.#.#.# #........
..#...##.#.#.###......##
#... .................
#.) .#.#.#.#########..
#..r.#...#.#.......'..
.... ##### #.......#..
##. #.......#..
#######'#######


You could see a jackal and a friendly jackal.

Vanquished Creatures
  A giant gecko (D:1)
  A giant cockroach (D:1)
  2 hobgoblins (D:1)
  A jackal (D:1)
  A bat (D:1)
  5 goblins (D:1)
  A kobold (D:1)
  3 rats (D:1)
15 creatures vanquished.

Vanquished Creatures (collateral kills)
  A hobgoblin (D:1)
1 creature vanquished.

Vanquished Creatures (others)
  A giant gecko (D:1)
1 creature vanquished.

Grand Total: 17 creatures vanquished

Notes
Turn   | Place    | Note
--------------------------------------------------------------
     0 | D:1      | M4edhros the Octopode Artificer began the quest for the Orb.
     0 | D:1      | Reached XP level 1. HP: 13/13 MP: 3/3
   469 | D:1      | Reached XP level 2. HP: 18/18 MP: 4/4
   719 | D:1      | Slain by a jackal

Vault maps used:
D:1:      dpeg_arrival_fog

Action                   || total
-------------------------++-------
Melee: Short sword       ||    27
Evoke: Wand              ||     4
  Use: Potion            ||     1
